 Dungeon Crawl Stone Soup version 0.27.1-3-gb3d3a73c9e (webtiles) character file.

Game seed: 2741762519746753870

21 CuBeRJAN3 the Magician (level 2, 0/16 HPs)
             Began as a Deep Elf Fire Elementalist on Oct 7, 2021.
             Slain by an adder (1 damage)
             ... on level 2 of the Dungeon.
             The game lasted 00:03:47 (1174 turns).

CuBeRJAN3 the Magician (Deep Elf Fire Elementalist) Turns: 1174, Time: 00:03:48

Health: 0/16       AC:  3    Str:  5    XL:     2   Next: 65%
Magic:  5/8        EV: 12    Int: 19    God:
Gold:   28         SH:  0    Dex: 15    Spells: 7/8 levels left

rFire    . . .     SeeInvis .   d - +0 dagger
rCold    . . .     Faith    .   (no shield)
rNeg     . . .     Spirit   .   a - +0 robe
rPois    .         Reflect  .   (no helmet)
rElec    .         Harm     .   j - scarf {repulsion}
rCorr    .         Rampage  .   h - +0 pair of gloves
Will     .....                  (no boots)
Stlth    ++........             (no amulet)
HPRegen  0.05/turn              (no ring)
MPRegen  0.11/turn              (no ring)

@: repel missiles
A: no striking features
a: no special abilities


You were on level 2 of the Dungeon.
You visited 1 branch of the dungeon, and saw 2 of its levels.

You collected 28 gold pieces.

Inventory:

Hand Weapons
 d - a +0 dagger (weapon)
Armour
 a - a +0 robe (worn)
 h - a +0 pair of gloves (worn)
 j - a scarf of repulsion (worn)
Scrolls
 e - a scroll of teleportation {unknown}
 g - a scroll of identify {unknown}
 i - a scroll of fog {unknown}
Potions
 b - 2 potions of degeneration {unknown}
 c - a potion of lignification {unknown}
 f - a potion of haste {unknown}


   Skills:
 * Level 0.8 Fighting
 - Level 2.4 Dodging
 + Level 2.7 Stealth
 * Level 3.5 Spellcasting
 + Level 1.5 Conjurations
 + Level 3.4 Fire Magic


You had 7 spell levels left.
You knew the following spells:

 Your Spells              Type           Power      Damage    Failure   Level
a - Foxfire               Conj/Fire      48%        2x1d6     5%          1

Your spell library contained the following spells:

 Spells                   Type           Power      Damage    Failure   Level
 Conjure Flame            Conj/Fire      12%        6-21      16%         3
 Inner Flame              Hex/Fire       9%         N/A       22%         3
 Sticky Flame             Conj/Fire      12%        2d4       45%         4
 Fireball                 Conj/Fire      6%         3d5       82%         5


Dungeon Overview and Level Annotations

Branches:
Dungeon (2/15)

Altars:

Shops:
D:1 [


Message History

An adder comes into view.
The adder hisses angrily.
Casting: Foxfire (safe; 5% risk of failure)
Press: ? - help, Q - select action Dir - look around, f - activate You conjure some foxfire!
The foxfire hits the adder.
The adder is lightly wounded.
The foxfire hits the adder.
The adder is heavily wounded.
Casting: Foxfire (safe; 5% risk of failure)
Press: ? - help, Q - select action Dir - look around, f - activate You conjure some foxfire!
The adder bites you but does no damage. The adder bites you.
The foxfire hits the adder.
The adder is heavily wounded.
The adder bites you.
You are poisoned.
The adder poisons you!
Casting: Foxfire (safe; 5% risk of failure)
Press: ? - help, Q - select action Dir - look around, f - activate You conjure some foxfire!
You feel sick. The adder bites you.
You feel sick.
The foxfire hits the adder.
The adder is heavily wounded.
The adder misses you.
Casting: Foxfire (safe; 5% risk of failure)
Press: ? - help, Q - select action Dir - look around, f - activate You conjure some foxfire!
You feel sick. The adder bites you.
* * * LOW HITPOINT WARNING * * *
The adder bites you.
* * * LOW HITPOINT WARNING * * *
* * * LOW HITPOINT WARNING * * *
You feel sick.
You are no longer poisoned.
The foxfire hits the adder.
The adder is severely wounded.
The adder barely misses you. The adder bites you.
You die...

###########
#....<....#
#.#######.#
#.# ####.#
#.# #....#
#.# #.####
#.# #.# #.#
#.#
#.#######@#
#.#
#.......S.#
#.#
###########
#.# #.# #.#
###########.#
#...........#
#<###########
#........


You could see an adder.

Vanquished Creatures
  A dart slug (D:1)
  A ball python (D:1)
  3 bats (D:1)
  2 giant cockroaches (D:1)
  2 goblins (D:1)
  A hobgoblin (D:1)
  A quokka (D:1)
  5 frilled lizards (D:1)
  A kobold (D:1)
  2 rats (D:1)
19 creatures vanquished.

Vanquished Creatures (others)
  45 foxfires
45 creatures vanquished.

Grand Total: 64 creatures vanquished

Notes
Turn   | Place    | Note
-------+----------+-------------------------------------------
     0 | D:1      | CuBeRJAN3 the Deep Elf Fire Elementalist began the quest
                  | for the Orb.
     0 | D:1      | Reached XP level 1. HP: 10/10 MP: 6/6
   244 | D:1      | Reached XP level 2. HP: 16/16 MP: 6/8
   883 | D:1      | Found Yjunkap's Antique Armour Emporium.
  1174 | D:2      | Slain by an adder

Illustrated notes

Levels and vault maps discovered:
D:1:      dpeg_arrival_tiny_b, layout_loops_ring, serial_shops,
          nicolae_shop_window_shopping, chequers_jeans
D:2:      layout_basic, hangedman_decor_growths, minmay_tree_intersection,
          minmay_pentomino_o2

Action                   || total
-------------------------++-------
Melee: Dagger            ||    14
 Cast: Foxfire           ||    32
Armor: Robe              ||     8
Dodge: Dodged            ||    17
